 Dungeon Crawl Stone Soup version 0.28-a0-258-g8de209e91f (webtiles) character file.

Game seed: 16701401610042928670

803496 dolemite99 the Conqueror (level 27, -7/245 HPs)
             Began as a Minotaur Fighter on Aug 25, 2021.
             Was a High Priest of Ashenzari.
             Killed by drain life
             ... invoked by a deathcap
             ... summoned by a curse toe
              (12 damage)
             ... on level 5 of the Realm of Zot on Aug 27, 2021.
             The game lasted 04:33:45 (127753 turns).

dolemite99 the Conqueror (Minotaur Fighter)       Turns: 127753, Time: 04:33:46

Health: -7/245     AC: 35    Str: 31    XL:     27
Magic:  13/14      EV: 17    Int: 17    God:    Ashenzari [*****.]
Gold:   3574       SH: 23    Dex: 13    Spells: 18/45 levels left

rFire   + + +      SeeInvis +   w - +5 broad axe (antimagic)
rCold   + + .      Faith    .   G - +0 tower shield of the Eternal Suspicion {Cun, Elem} (curse)
rNeg    . . .      Spirit   .   b - +8 gold dragon scales of Ashenzari's Affliction {rPois rF+ rC+, Bglg, Range} (curse)
rPois   +          Reflect  .   (helmet unavailable)
rElec   .          Harm     .   c - scarf of the Chained Portent {rC+ rF+, Elem, Comp} (curse)
rCorr   .          Rampage  .   M - +1 pair of gloves of Supernal Understanding {+Blink Str+2 Int+2, Alch, Fort} (curse)
Will    +++..      Clarity  +   B - +1 pair of boots of Ouranomancy {Alch, Evo} (curse)
Stlth   ..........              J - amulet of the Shackled Comet {Regen+ Int+2 Dex+4 SInv, Self, Bglg} (curse)
HPRegen 0.00/turn               z - ring "Circumscribed Together" {Will+ MP+9 Int+3, Range, Alch} (curse)
MPRegen 0.14/turn               t - ring of Wuliarch {rF+ Str+3}

@: inhibited regen
A: horns 3, retaliatory headbutt, iridescent scales 1, clarity, clumsy 2,
deformed body, fire resistance 1, frail 1, screaming 1, inhibited regeneration,
evolution 1, no potion heal 1
}: 5/15 runes: serpentine, barnacled, slimy, silver, abyssal
a: Renounce Religion, Evoke Blink, Curse Item, Shatter the Chains


You were on level 5 of the Realm of Zot.
You worshipped Ashenzari.
Ashenzari was extremely pleased with you.
You visited 12 branches of the dungeon, and saw 58 of its levels.
You visited the Abyss 8 times.
You also visited: Ice Cave.

You collected 11345 gold pieces.
You spent 7771 gold pieces at shops.

Inventory:

Hand Weapons
 a - a +7 broad axe of flaming
 q - the +4 hunting sling of the Lurker {flame, rN+ Will+ Int+4}
   (You found it on level 10 of the Dungeon)

   Any ammunition fired from it burns those it strikes, dealing additional fire
   damage.
   Int:       It affects your intelligence (+4).
   rN:        It protects you from negative energy.
   Will:      It increases your willpower.
 w - a +5 antimagic broad axe (weapon)
 F - the +12 lance "Wyrmbane" {slay drac, rPois rF+ rC+ AC+3}
   (You found it on level 3 of the Depths)

   It inflicts extra damage against dragons and draconians.
   AC:        It affects your AC (+3).
   rF:        It protects you from fire.
   rC:        It protects you from cold.
   rPois:     It protects you from poison.
Missiles
 n - 24 javelins
 A - 25 silver javelins (quivered)
Armour
 b - the cursed +8 gold dragon scales of Ashenzari's Affliction (worn) {rPois rF+ rC+, Bglg, Range}
   (You found it on level 5 of the Vaults)

   rF:        It protects you from fire.
   rC:        It protects you from cold.
   rPois:     It protects you from poison.
   It has a curse which improves the following skills: Beguiling: Conjurations,
   Hexes and Translocations.
   Ranged Combat: Slings, Bows, Crossbows and Throwing.
 c - the cursed scarf of the Chained Portent (worn) {rC+ rF+, Elem, Comp}
   (You acquired it on level 2 of the Shoals)

   It has a curse which improves the following skills: Elements: Fire Magic, Ice
   Magic, Air Magic and Earth Magic.
   Companions: Summonings and Necromancy.
 B - the cursed +1 pair of boots of Ouranomancy (worn) {Alch, Evo}
   (You found it on level 5 of the Dungeon)

   It has a curse which improves the following skills: Alchemy: Poison Magic and
   Transmutations.
   Evocations: Evocations.
 G - the cursed +0 tower shield of the Eternal Suspicion (worn) {Cun, Elem}
   (You found it on level 13 of the Dungeon)

   It has a curse which improves the following skills: Cunning: Dodging and
   Stealth.
   Elements:  Fire Magic, Ice Magic, Air Magic and Earth Magic.
 M - the cursed +1 pair of gloves of Supernal Understanding (worn) {+Blink Str+2 Int+2, Alch, Fort}
   (You found it on level 4 of the Snake Pit)

   Str:       It affects your strength (+2).
   Int:       It affects your intelligence (+2).
   +Blink:    It lets you blink.
   It has a curse which improves the following skills: Alchemy: Poison Magic and
   Transmutations.
   Fortitude: Armour and Shields.
Magical Staves
 X - a staff of air
Jewellery
 k - a ring of positive energy
 m - a ring of wizardry
 r - the ring "Mekoymn" {Str+6 Int+6}
   (You acquired it on level 1 of the Elven Halls)

   [ring of intelligence]

   Str:       It affects your strength (+6).
   Int:       It affects your intelligence (+6).
 t - the ring of Wuliarch (right hand) {rF+ Str+3}
   (You found it on level 6 of the Lair of Beasts)

   [ring of protection from fire]

   Str:       It affects your strength (+3).
   rF:        It protects you from fire.
 x - the ring "Soufacyb" {rC+ rCorr}
   (You found it on level 5 of the Pits of Slime)

   [ring of protection from cold]

   rC:        It protects you from cold.
   rCorr:     It protects you from acid and corrosion.
 y - a ring of Niras {Will+ rCorr}
   (You found it on level 5 of the Pits of Slime)

   [ring of resist corrosion]

   rCorr:     It protects you from acid and corrosion.
   Will:      It increases your willpower.
 z - the cursed ring "Circumscribed Together" (left hand) {Will+ MP+9 Int+3, Range, Alch}
   (You found it on level 6 of the Lair of Beasts)

   [ring of willpower]

   Int:       It affects your intelligence (+3).
   MP:        It affects your magic capacity (+9).
   Will:      It increases your willpower.
   It has a curse which improves the following skills: Ranged Combat: Slings,
   Bows, Crossbows and Throwing.
   Alchemy:   Poison Magic and Transmutations.
 J - the cursed amulet of the Shackled Comet (around neck) {Regen+ Int+2 Dex+4 SInv, Self, Bglg}
   (You took it off a fire giant on level 2 of the Depths)

   [amulet of regeneration]

   Int:       It affects your intelligence (+2).
   Dex:       It affects your dexterity (+4).
   SInv:      It lets you see invisible.
   Regen:     It increases your rate of health regeneration.
   It has a curse which improves the following skills: Introspection: Fighting
   and Spellcasting.
   Beguiling: Conjurations, Hexes and Translocations.
 N - an amulet of magic regeneration
Wands
 d - a wand of mindburst (56)
 h - a wand of polymorph (85)
 o - a wand of charming (12)
 R - a wand of iceblast (53)
 U - a wand of paralysis (64)
 Z - a wand of digging (13)
Scrolls
 e - 2 scrolls of brand weapon
 j - 6 scrolls of blinking
 v - 9 scrolls of fog
 D - a scroll of amnesia
 L - 3 scrolls of silence
 O - 17 scrolls of teleportation
Potions
 g - 4 potions of haste
 i - 11 potions of berserk rage
 l - 6 potions of cancellation
 u - 5 potions of flight
 E - 2 potions of lignification
 H - 17 potions of brilliance
 K - 12 potions of curing
 Q - 3 potions of ambrosia
 S - a potion of might
 W - 11 potions of mutation
 Y - 2 potions of magic
Miscellaneous
 f - a lightning rod (4/4)
 s - a box of beasts
 C - a phantom mirror
 P - a tin of tremorstones (2/2)
 T - a condenser vane
 V - a phial of floods


   Skills:
 O Level 27 Fighting
 - Level 17.9(18.0) Axes
 - Level 3.0(12.4) Polearms
 - Level 10.6(15.6) Slings
 - Level 0.6(2.4) Bows
 - Level 10.0(14.8) Throwing
 * Level 22.9(24.7) Armour
 - Level 24.3(26.1) Dodging
 - Level 23.2(25.0) Shields
 - Level 7.0(9.7) Spellcasting
 - Level 9.4(12.0) Necromancy
 - Level 11.1(14.8) Translocations
 - Level 7.2(12.3) Transmutations
 - Level 9.8(13.6) Air Magic
 - Level 7.3(11.3) Earth Magic
 - Level 1.9(5.6) Poison Magic
 - Level 13.7(16.0) Evocations


You had 18 spell levels left.
You knew the following spells:

 Your Spells              Type           Power      Damage    Failure   Level
a - Vampiric Draining     Necr           24%        2d9       1%          3
b - Wereblood             Tmut           50%        N/A       1%          2
c - Mephitic Cloud        Conj/Pois/Air  30%        N/A       11%         3
d - Swiftness             Air            53%        N/A       1%          3
e - Poisonous Vapours     Pois/Air       82%        N/A       1%          2
f - Call Imp              Summ           9%         N/A       56%         2
g - Apportation           Tloc           100%       N/A       1%          1
h - Animate Skeleton      Necr           98%        N/A       1%          1
i - Passwall              Tmut/Erth      40%        N/A       1%          2
j - Passage of Golubria   Tloc           N/A        N/A       1%          4
s - Animate Dead          Necr           24%        N/A       3%          4

Your spell library contained the following spells:

 Spells                   Type           Power      Damage    Failure   Level
 Beastly Appendage        Tmut           100%       N/A       1%          1
 Pain                     Necr           100%       1d9       1%          1
 Sandblast                Erth           92%        2d19      1%          1
 Sting                    Tmut/Pois      100%       1d8       1%          1
 Corpse Rot               Necr/Air       N/A        N/A       1%          2
 Sublimation of Blood     Necr           24%        N/A       1%          2
 Airstrike                Air            26%        N/A       1%          4
 Shock                    Conj/Air       100%       1d9       3%          1
 Dispel Undead            Necr           49%        3d18      3%          4
 Static Discharge         Conj/Air       32%        N/A       4%          2
 Spider Form              Tmut/Pois      19%        N/A       4%          3
 Petrify                  Tmut/Erth      48%        N/A       4%          4
 Portal Projectile        Hex/Tloc       68%        N/A       7%          3
 Blade Hands              Tmut           25%        N/A       10%         5
 Agony                    Necr           49%        N/A       11%         5
 Excruciating Wounds      Necr           24%        N/A       11%         5
 Borgnjor's Vile Clutch   Necr/Erth      24%        N/A       12%         5
 Ignite Poison            Fire/Tmut/Pois 29%        N/A       13%         3
 Stone Arrow              Conj/Erth      56%        3d10      14%         3
 Lee's Rapid Deconstruct  Erth           23%        3d14*     14%         5
 Iskenderun's Mystic Bla  Conj/Tloc      34%        2d8       22%         4
 Summon Lightning Spire   Summ/Air       32%        N/A       30%         4
 Corona                   Hex            11%        N/A       38%         1
 Foxfire                  Conj/Fire      40%        2x1d6     38%         1
 Freeze                   Ice            40%        1d6       38%         1
 Magic Dart               Conj           40%        1d5       38%         1
 Leda's Liquefaction      Hex/Erth       14%        N/A       41%         4
 Summon Small Mammal      Summ           36%        N/A       43%         1
 Animate Armour           Summ/Erth      56%        N/A       43%         4
 Olgreb's Toxic Radiance  Pois           27%        N/A       47%         4
 Death Channel            Necr           24%        N/A       52%         6
 Searing Ray              Conj           20%        3d3       54%         2
 Summon Forest            Summ/Tloc      17%        N/A       54%         5
 Statue Form              Tmut/Erth      32%        N/A       54%         6
 Lightning Bolt           Conj/Air       16%        1d30      63%         5
 Silence                  Hex/Air        16%        N/A       63%         5
 Yara's Violent Unravell  Hex/Tmut       15%        3d8       71%         5
 Dazzling Flash           Conj/Hex       20%        N/A       77%         3
 Frozen Ramparts          Ice            20%        1d4       77%         3
 Inner Flame              Hex/Fire       10%        N/A       77%         3
 Ozocubu's Armour         Ice            10%        N/A       77%         3
 Tukima's Dance           Hex            10%        N/A       77%         3
 Call Canine Familiar     Summ           9%         N/A       80%         3
 Summon Guardian Golem    Hex/Summ       9%         N/A       80%         3
 Freezing Cloud           Conj/Ice/Air   12%        6-21      89%         5
 Eringya's Noxious Bog    Tmut/Pois      19%        N/A       90%         6
 Storm Form               Tmut/Air       25%        N/A       91%         7
 Bolt of Magma            Conj/Fire/Erth 11%        4d7       95%         5
 Fulminant Prism          Conj/Hex       5%         3d7       99%         4
 Hailstorm                Conj/Ice       10%        3d5       99%         4
 Summon Ice Beast         Ice/Summ       9%         N/A       99%         4
 Conjure Ball Lightning   Conj/Air       16%        3x3d6     99%         6
 Simulacrum               Ice/Necr       14%        N/A       99%         6
 Fireball                 Conj/Fire      5%         3d5       100%        5
 Iskenderun's Battlesphe  Conj           10%        2d6       100%        5
 Metabolic Englaciation   Hex/Ice        5%         N/A       100%        5
 Invisibility             Hex            5%         N/A       100%        6
 Starburst                Conj/Fire      5%         6d4       100%        6
 Haunt                    Necr/Summ      14%        N/A       100%        7
 Malign Gateway           Summ/Tloc      17%        N/A       100%        7
 Orb of Destruction       Conj           5%         9d2       100%        7
 Ozocubu's Refrigeration  Ice            5%         4d6       100%        7
 Spellforged Servitor     Conj/Summ      4%         N/A       100%        7
 Summon Hydra             Summ           4%         N/A       100%        7
 Discord                  Hex            5%         N/A       100%        8
 Disjunction              Tloc           28%        N/A       100%        8
 Ignition                 Fire           5%         3d4       100%        8
 Infestation              Necr           24%        N/A       100%        8
 Lehudib's Crystal Spear  Conj/Erth      14%        10d5      100%        8
 Maxwell's Capacitive Co  Air            26%        ∞         100%        8
 Chain Lightning          Conj/Air       16%        3d21      100%        9
 Dragon's Call            Summ           4%         N/A       100%        9
 Fire Storm               Conj/Fire      5%         8d1       100%        9
 Polar Vortex             Ice            5%         N/A       100%        9
 Shatter                  Erth           23%        3d20*     100%        9


Dungeon Overview and Level Annotations

Branches:
Dungeon (15/15)            Temple (1/1) D:7            Lair (6/6) D:10
 Shoals (4/4) Lair:3        Snake (4/4) Lair:3        Slime (5/5) Lair:5
    Orc (2/2) D:10            Elf (3/3) Orc:2        Vaults (5/5) D:13
  Crypt (3/3) Vaults:3       Tomb (0/3) Crypt:3      Depths (5/5) D:15
    Zot (5/5) Depths:5      IceCv (visited)

Altars:
Ashenzari
Cheibriados
Dithmenos
Elyvilon
Fedhas
Gozag
Hepliaklqana
Kikubaaqudgha
Makhleb
Nemelex Xobeh
Okawaru
Qazlal
Ru
Sif Muna
Trog
Uskayaw
Vehumet
Wu Jian
Xom
Yredelemnul
Zin
The Shining One
Beogh
Jiyva
Lugonu

Shops:
D:7 [!?(   D:12 ?   Orc:2 ::!*   Elf:1 ?   Elf:3 (   Snake:1 :   Snake:4 =:=
Vaults:4 *   Depths:3 (   Depths:5 =(?

Portals:
Hell: Depths:1 Depths:2 Depths:3 Depths:5
Abyss: Lair:6 Depths:3 Depths:4
Pandemonium: Depths:3 Depths:4
Trove: Elf:1 (give 11 potions of heal wounds)

Annotations:
Depths:4 1 transporter
Depths:5 1 runed translucent door, Kunuk's ghost, veteran MiFi
Zot:5 3 runed translucent doors, exclusion: obsidian statue, Atlas's ghost, legendary DgIE


Innate Abilities, Weirdness & Mutations

You have a pair of large horns on your head.
You reflexively headbutt those who attack you in melee.
You are partially covered in iridescent scales. (AC +2)
You possess an exceptional clarity of mind.
You are very clumsy. (Dex -4)
Armour fits poorly on your strangely shaped body.
Your flesh is heat resistant. (rF+)
You are frail. (-10% HP)
You occasionally shout uncontrollably at your foes.
You do not regenerate when monsters are visible.
You have hidden genetic potential.
Potions are less effective at restoring your health.


Message History

The curse toe is lost in a daze.
You block the wandering mushroom's attack.
The deathcap releases spores at you but does no damage.
You slash the orb of fire!
The orb of fire's magic leaks into the air.
The orb of fire is almost destroyed.
You hit the deathcap.
The deathcap's magic leaks into the air.
You slice the wandering mushroom!!
You destroy the wandering mushroom!
You hit the orb of fire but do no damage.
Your headbutt misses the orb of fire.
The orb of fire is almost destroyed.
You slash the deathcap!
The deathcap's magic leaks into the air.
The deathcap falters for a moment.
The curse toe calls on the powers of darkness!
Your body is wracked with pain!
* * * LOW HITPOINT WARNING * * *
Your magic is already full.
Your system partially rejects the healing.
You feel better.
The deathcap falters for a moment.
The curse toe gestures.
Your system partially rejects the healing.
You feel better. You block the deathcap's attack. x2
You block the wandering mushroom's attack. x2
Throw: 26 javelins (silver)
Press: ? - help, Shift-Dir - straight line, f/p - orb of fire
Aim: an orb of fire (almost destroyed, 53% to hit, chaotic)
You throw a silver javelin.
The silver javelin closely misses the orb of fire.
The deathcap releases spores at you!
* * * LOW HITPOINT WARNING * * *
You are engulfed in a cloud of spores!
You blink.
The curse toe calls on the powers of darkness!
Your body is wracked with pain!
* * * LOW HITPOINT WARNING * * *
The deathcap draws from the surrounding life force!
You die...

#'###### ###.........####
######## ########.########▓▓
{...... #...............#▓▓
....., ,* ##.............##▓▓ *
,, ,, ▓#......)......# * , , ,
^ ▓##.......^...## ,, , ,
▓▓#...........#▓ *,, . , ∆ ,
▓▓##....)......##▓▓# ^.. ,
,,.#▓▓#..@..........#▓▓#. ,...
...#▓##.............##▓#.. ,
...*....###f..............###..
.....*.###§f.###########...###.
,
z...○.##zf*f#############....##
......(°(f#################...^
*▓▓▓▓▓▓▓▓▓▓###### ######▓▓▓▓ ,
^.▓▓▓▓##### #####▓▓▓▓ ,
...^.▓### * , ,


You could see an orb of fire, a curse toe (dazed), 2 deathcaps and 3 wandering
mushrooms.

Vanquished Creatures
  the Royal Jelly (Slime:5)
  3 dread liches
  Mara (Vaults:2)
  An orb of fire (Zot:5)
  Boris (Crypt:2)
  Bai Suzhen (Vaults:4)
  5 Killer Klowns
  Frederick (Vaults:5)
  A curse toe (Zot:5)
  5 caustic shrikes
  12 golden dragons
  Jory (Vaults:5)
  7 bone dragons
  2 electric golems
  Jorgrun (Elf:2)
  17 tentacled monstrosities
  13 Orb Guardians
  10 liches
  The ghost of Huxu the Severer, an adept NaFi of Cheibriados (Depths:4)
  5 deep elf blademasters
  4 quicksilver dragons
  2 deep elf master archers (Elf:3)
  11 sphinxes
  4 titans
  Gastronok (Lair:2)
  2 sphinxes (shapeshifter) (Vaults:5)
  6 death cobs
  2 Executioners
  6 ancient champions
  15 acid blobs
  19 tentacled starspawn
  Polyphemus (Shoals:2)
  Kirke (Snake:1)
  14 storm dragons
  11 shadow dragons
  A thorn hunter (Abyss:3)
  A draconian monk (Zot:5)
  Ilsuiw (Shoals:2)
  4 revenants
  10 azure jellies
  11 rockslimes
  6 tengu reavers (Vaults:5)
  Roxanne (Shoals:2)
  7 draconian knights
  6 nagarajas
  14 fire giants
  18 vault wardens
  2 ghost moths
  5 draconian scorchers
  An iron dragon (Vaults:5)
  3 orc warlords
  14 frost giants
  3 draconian annihilators
  2 deep elf sorcerers (Elf:3)
  A curse skull (Crypt:2)
  2 spriggan defenders (Depths:5)
  A balrug (Abyss:3)
  5 draconian shifters
  A caustic shrike zombie (Depths:4)
  4 ghouls
  10 deep elf elementalists
  4 draconian stormcallers
  9 quicksilver oozes
  2 reapers
  22 ironbound preservers
  A war gargoyle (Vaults:5)
  9 vampire knights
  15 green draconians
  20 stone giants
  A lorocyproca (Abyss:3)
  33 very ugly things
  6 deep elf demonologists
  13 purple draconians
  2 entropy weavers
  3 dire elephants
  9 white draconians
  5 red draconians
  11 black draconians
  A bunyip (shapeshifter) (Vaults:3)
  A spark wasp (Depths:5)
  6 yellow draconians
  12 deep elf annihilators
  8 merfolk javelineers
  5 eidola
  9 ettins
  3 mummy priests (Crypt:3)
  2 green deaths
  16 deep elf death magi
  The ghost of Zeihuf the Spear-Bearer, a journeyman TrBe of Trog (Lair:2)
  10 jiangshi
  Snorg (Orc:1)
  A blizzard demon (Abyss:4)
  11 fire dragons
  12 deep elf high priests
  15 merfolk impalers
  A quicksilver dragon zombie (Crypt:2)
  20 great orbs of eyes
  9 rakshasas
  21 yaktaur captains
  9 ice dragons
  34 vault guards
  A boulder beetle (shapeshifter) (Vaults:3)
  A fenstrider witch zombie (Crypt:3)
  The ghost of Smaepdii the Blocker, a journeyman GnFi of Okawaru (D:11)
  4 boulder beetles
  6 hydras
  4 ironbound thunderhulks
  8 spriggan air magi
  2 catoblepae
  8 centaur warriors
  An alligator snapping turtle (Shoals:4)
  4 ogre magi
  8 ironbound frosthearts
  16 naga warriors
  A merfolk avatar (Shoals:4)
  5 death knights
  5 satyrs
  27 dancing weapons
  18 two-headed ogres
  A satyr (shapeshifter) (Vaults:5)
  5 tengu warriors
  15 anacondas
  7 deep troll shamans
  6 merfolk aquamancers (Shoals:4)
  6 orc high priests
  6 deep troll earth magi
  8 naga sharpshooters
  16 death yaks
  9 spriggan berserkers
  3 hell hogs
  3 shock serpents
  34 thrashing horrors
  4 sun demons
  7 vampire magi
  6 ironbound beastmasters
  3 spectral storm dragons
  13 wretched stars
  A storm dragon zombie (Abyss:4)
  7 iron trolls
  17 deep elf knights
  5 spatial maelstroms
  13 skeletal warriors
  12 hell knights (Depths:3)
  2 soul eaters
  20 sea snakes
  2 storm dragon skeletons
  4 salamander mystics
  8 flayed ghosts
  2 golden dragon zombies
  A shadow wraith (Crypt:3)
  6 sixfirhies
  8 glowing orange brains
  59 deep trolls
  21 deep elf archers
  13 lindwurms
  2 shadow demons
  A lindwurm (shapeshifter) (Vaults:5)
  2 anaconda skeletons (Crypt:1)
  18 phantasmal warriors
  13 harpies
  5 naga ritualists
  15 ironbound convokers
  18 wizards
  A mana viper (shapeshifter) (Abyss:4)
  A kraken simulacrum (Shoals:4)
  28 deep elf pyromancers
  A harpy (shapeshifter) (Elf:1)
  6 shining eyes
  23 deep elf zephyrmancers
  12 orc knights
  An iron dragon zombie (Crypt:3)
  6 necromancers
  A shadow dragon skeleton (Crypt:3)
  5 mana vipers
  A will-o-the-wisp (Abyss:3)
  An oklob plant (Lair:6)
  42 ugly things
  2 frost giant zombies (Depths:4)
  10 orc sorcerers
  6 cyclopes
  2 fire giant zombies
  6 worldbinders
  4 tengu skeletons
  21 fauns
  16 salamanders
  4 spectral fire dragons (Crypt:1)
  9 manticores
  2 fauns (shapeshifter)
  A salamander (shapeshifter) (Abyss:3)
  10 elephants
  A sphinx skeleton (Depths:4)
  5 water nymphs
  9 merfolk sirens
  20 moths of wrath
  2 stone giant skeletons
  2 rust devils
  5 apocalypse crabs
  An eye of devastation (Slime:5)
  Maurice (D:8)
  An elephant slug zombie (Crypt:2)
  9 guardian serpents
  16 smoke demons
  28 black mambas
  A guardian serpent (shapeshifter) (Vaults:5)
  A torpor snail (Lair:6)
  An ice statue (IceCv)
  2 elf zombies
  22 naga magi
  2 gargoyles
  3 hellions
  13 komodo dragons
  22 vault sentinels
  8 cane toads
  3 orange demons
  7 efreet
  3 unseen horrors
  An alligator snapping turtle skeleton (Crypt:1)
  A dire elephant skeleton (Crypt:1)
  A tormentor (Abyss:3)
  7 tengu conjurers
  An iron troll zombie (Crypt:2)
  25 yaktaurs
  3 kobold demonologists (D:11)
  A red draconian skeleton (Crypt:1)
  15 rime drakes
  5 hellwings
  A purple draconian skeleton (Crypt:3)
  4 freezing wraiths
  An anaconda simulacrum (Crypt:1)
  12 guardian mummies (Crypt:3)
  3 red devils
  20 ancient zymes
  2 elf skeletons
  A catoblepas skeleton (Abyss:3)
  A harpy zombie (Abyss:3)
  30 merfolk
  A queen bee (shapeshifter) (Abyss:2)
  62 large abominations
  A moth of wrath zombie (Crypt:2)
  A silent spectre (Abyss:2)
  5 trolls
  Grinder (D:4)
  6 polar bears
  4 wind drakes
  A harpy skeleton (Crypt:3)
  4 hornets
  20 blink frogs
  11 snapping turtles
  A meliai zombie (Crypt:2)
  100 slime creatures
  8 dream sheep (Lair:6)
  2 human simulacra (Vaults:1)
  39 raiju
  A blink frog (shapeshifter) (Lair:6)
  17 flying skulls
  Sigmund (D:3)
  A redback (Vaults:5)
  8 air elementals
  A frost giant simulacrum (Abyss:2)
  A fire dragon skeleton (Depths:1)
  An ice dragon skeleton (Abyss:2)
  16 ynoxinuls
  12 water elementals
  5 spriggans
  A fire elemental (Elf:2)
  7 wraiths
  69 yaks
  2 shadows
  70 starcursed masses
  2 vampires
  5 wyverns
  2 ettin skeletons (Abyss:3)
  10 humans (D:13)
  A yak (shapeshifter) (Lair:6)
  2 ushabtiu (Crypt:3)
  A steam dragon (D:9)
  5 basilisks
  3 hogs (Snake:1)
  Eustachio (D:4)
  11 fire bats
  2 golden eyes (Abyss:3)
  22 neqoxecs
  Grum (D:8)
  8 vampire mosquitoes
  11 chaos spawn
  A steam dragon (shapeshifter) (Vaults:5)
  42 nagas
  5 spatial vortices
  3 wargs
  An acid dragon (D:8)
  4 swamp worms (Lair:3)
  11 water moccasins
  8 hell hounds
  A torturous demonspawn skeleton (Crypt:3)
  A swamp drake (D:10)
  2 ice beasts
  A sky beast (shapeshifter) (Depths:2)
  A hornet zombie (D:7)
  57 orc warriors
  A fire dragon simulacrum (Abyss:4)
  A swamp dragon zombie (Abyss:1)
  The ghost of axecop the Covert, an amateur GnDe (D:6)
  6 black bears
  A black bear (shapeshifter) (Abyss:3)
  5 necrophages
  12 ogres
  23 centaurs
  35 wolves
  3 boggarts (Vaults:1)
  3 phantoms
  11 bullfrogs
  A rime drake zombie (Crypt:3)
  An octopode zombie (Crypt:3)
  3 kobold brigands
  3 gnoll sergeants
  13 earth elementals
  An infernal demonspawn simulacrum (Crypt:1)
  A palentonga skeleton (Crypt:3)
  4 scorpions
  3 human skeletons
  52 small abominations
  A shapeshifter zombie (Crypt:3)
  7 electric eels
  5 wights
  2 howler monkeys
  5 jellies
  A bullfrog zombie (D:5)
  A crimson imp (Abyss:2)
  A bullfrog skeleton (D:6)
  4 centaur zombies
  5 quasits
  32 orc priests
  3 hounds
  3 iron imps
  4 centaur skeletons
  Natasha (thrice) (D:3)
  5 iguanas
  27 orc wizards
  16 hell rats
  A killer bee zombie (D:9)
  A felid skeleton (Crypt:1)
  A hound zombie (D:5)
  Robin (D:3)
  7 gnolls
  A steam dragon zombie (Crypt:2)
  10 adders
  A shadow imp (Abyss:1)
  7 white imps
  8 ufetubi
  A halfling skeleton (Crypt:3)
  2 worms (D:3)
  A barachi skeleton (Crypt:1)
  A dart slug (D:2)
  142 orcs
  4 bats
  4 endoplasms
  3 giant cockroaches
  18 goblins
  8 hobgoblins
  4 jackals (D:1)
  27 kobolds
  2 quokkas
  6 ball pythons
  A ball python skeleton (Crypt:1)
  A frilled lizard (D:3)
  A frilled lizard skeleton (Crypt:2)
  A quokka skeleton (Crypt:1)
  8 rats
  15 briar patches
  2 lurking horrors
  13 starspawn tentacles
  A tentacle (Shoals:4)
3105 creatures vanquished.

Vanquished Creatures (collateral kills)
  A Killer Klown (Zot:3)
  3 golden dragons
  3 tentacled monstrosities
  A storm dragon (Depths:5)
  A draconian knight (Zot:3)
  2 tengu reavers
  A fire giant (Depths:4)
  A vault warden (Vaults:5)
  2 draconian shifters
  5 very ugly things
  A black draconian (Zot:4)
  2 purple draconians
  3 white draconians
  A yellow draconian (Zot:3)
  A spark wasp (Depths:5)
  4 red draconians
  2 ettins
  A vault guard (Vaults:5)
  A naga warrior (Snake:2)
  A spriggan air mage (Depths:4)
  A rakshasa (Depths:2)
  A merfolk avatar (Shoals:4)
  2 shock serpents (Snake:2)
  A spriggan berserker (Depths:5)
  A phantasmal warrior (Vaults:5)
  2 salamanders (Snake:2)
  An elf skeleton (Depths:4)
  A merfolk (Shoals:4)
  A hornet (Depths:3)
  A snapping turtle (Shoals:4)
  A water elemental (Depths:4)
50 creatures vanquished.

Vanquished Creatures (others)
  An ancient lich (Zot:5)
  A death cob (Zot:3)
  A white draconian (Zot:4)
  A deep troll earth mage (Depths:2)
  An iron troll (Depths:1)
  A deep elf zephyrmancer (Depths:4)
  A black mamba (Snake:4)
  A merfolk (Shoals:4)
  A fire bat (Abyss:4)
  2 humans
  3 small abominations
  An ufetubus (Abyss:3)
  An orc (Elf:1)
  A briar patch (Abyss:3)
  15 bushes
  17 demonic plants (Abyss:3)
  27 fungi
  2 lurking horrors
  345 plants
  60 starspawn tentacles
  9 tentacles
  6 withered plants
498 creatures vanquished.

Grand Total: 3653 creatures vanquished

Notes
Turn   | Place    | Note
-------+----------+-------------------------------------------
     0 | D:1      | dolemite99 the Minotaur Fighter began the quest for the
                  | Orb.
     0 | D:1      | Reached XP level 1. HP: 19/19 MP: 0/0
   173 | D:1      | Reached XP level 2. HP: 26/26 MP: 1/1
   889 | D:2      | Found a faded altar of an unknown god.
   948 | D:2      | Reached XP level 3. HP: 27/31 MP: 2/2
  1233 | D:2      | Became a worshipper of Ashenzari the Shackled
  1233 | D:2      | Identified a scroll of acquirement
  1321 | D:2      | Reached XP level 4. HP: 35/39 MP: 3/3
  1522 | D:2      | Acquired a +2 hat
  1599 | D:3      | Noticed Natasha
  1607 | D:3      | Killed Natasha
  1640 | D:3      | Reached skill level 5 in Axes
  1657 | D:3      | Noticed Natasha
  1669 | D:3      | Killed Natasha
  1677 | D:3      | Reached XP level 5. HP: 43/45 MP: 4/4
  1684 | D:3      | Noticed Robin
  1694 | D:3      | Killed Robin
  1891 | D:3      | Reached skill level 5 in Shields
  2068 | D:3      | Reached * piety under Ashenzari
  2069 | D:3      | Noticed Natasha
  2079 | D:3      | Killed Natasha
  2268 | D:3      | Noticed Sigmund
  2274 | D:3      | Killed Sigmund
  2275 | D:3      | Reached XP level 6. HP: 39/51 MP: 5/5
  3304 | D:4      | Noticed Eustachio
  3334 | D:4      | Killed Eustachio
  3335 | D:4      | Reached XP level 7. HP: 57/57 MP: 6/6
  3396 | D:4      | Reached ** piety under Ashenzari
  4005 | D:4      | Noticed Grinder
  4007 | D:4      | Reached skill level 15 in Axes
  4007 | D:4      | Reached XP level 8. HP: 64/64 MP: 7/7
  4008 | D:4      | Reached XP level 9. HP: 70/70 MP: 8/8
  4014 | D:4      | Killed Grinder
  4050 | D:5      | Entered Level 5 of the Dungeon
  4050 | D:5      | Noticed a two-headed ogre
  4064 | D:5      | Killed a two-headed ogre
  4065 | D:5      | Reached skill level 4 in Fighting
  4065 | D:5      | Reached XP level 10. HP: 55/80 MP: 9/9
  5029 | D:6      | Reached skill level 1 in Evocations
  5605 | D:6      | Found a runed translucent door.
  5609 | D:6      | Noticed axecop's ghost (amateur GnDe)
  6099 | D:7      | Found Wuown's Magic Scroll Emporium.
  6102 | D:7      | Bought a scroll of fog for 24 gold pieces
  6102 | D:7      | Bought a scroll of enchant armour for 90 gold pieces
  6102 | D:7      | Bought a scroll of enchant armour for 90 gold pieces
  6102 | D:7      | Bought a scroll of enchant weapon for 90 gold pieces
  6108 | D:7      | Reached *** piety under Ashenzari
  6110 | D:7      | Found Cubot's Weapon Boutique.
  6702 | D:7      | Found Quyczetz's Antique Armour Shoppe.
  6724 | D:7      | Found Tibroam's Distillery.
  6734 | D:7      | Bought a potion of curing for 33 gold pieces
  6734 | D:7      | Bought a potion of curing for 33 gold pieces
  6743 | D:7      | Found a blossoming altar of Fedhas.
  7180 | D:7      | Found a staircase to the Ecumenical Temple.
  7190 | Temple   | Entered the Ecumenical Temple
  7622 | D:7      | Reached skill level 5 in Armour
  7793 | D:7      | Reached skill level 5 in Fighting
  8217 | D:7      | Found an ancient bone altar of Kikubaaqudgha.
  8221 | D:7      | Found a shadowy altar of Dithmenos.
  8221 | D:7      | Found a white marble altar of Elyvilon.
  8223 | D:7      | Found a snail-covered altar of Cheibriados.
  8223 | D:7      | Found a shimmering blue altar of Sif Muna.
  8224 | D:7      | Found a basalt altar of Yredelemnul.
  8429 | D:7      | Reached **** piety under Ashenzari
  8915 | D:8      | Noticed Grum
  8916 | D:8      | Noticed Maurice
  8923 | D:8      | Killed Grum
  8930 | D:8      | Killed Maurice
  8931 | D:8      | Reached skill level 5 in Throwing
  9054 | D:8      | Noticed a two-headed ogre
  9124 | D:8      | Killed a two-headed ogre
  9125 | D:8      | Reached skill level 6 in Fighting
  9125 | D:8      | Reached XP level 11. HP: 66/95 MP: 7/10
 10365 | D:9      | Reached skill level 1 in Dodging
 10490 | D:9      | Noticed a two-headed ogre
 10501 | D:9      | Killed a two-headed ogre
 10632 | D:9      | Reached skill level 5 in Dodging
 10700 | D:9      | Found the +4 Cigotuvi's embrace {rMiasma Drain rN+}
 10907 | D:9      | Found a broken altar of Ashenzari.
 11458 | D:10     | Entered Level 10 of the Dungeon
 11651 | D:10     | Found a staircase to the Lair.
 12044 | D:10     | Noticed a two-headed ogre
 12050 | D:10     | Killed a two-headed ogre
 12061 | D:10     | Found a staircase to the Orcish Mines.
 12212 | D:10     | Identified the +4 hunting sling of the Lurker {flame, rN+
                  | Will+ Int+4}
 12295 | D:10     | Found a hide-covered altar of Uskayaw.
 12309 | D:10     | Found a burning altar of Makhleb.
 12484 | Lair:1   | Entered Level 1 of the Lair of Beasts
 12491 | Lair:1   | Noticed a six-headed hydra
 12495 | Lair:1   | Reached XP level 12. HP: 105/105 MP: 11/11
 12507 | Lair:1   | Killed a one-headed hydra
 12508 | Lair:1   | Reached skill level 10 in Dodging
 13562 | Lair:2   | Reached ***** piety under Ashenzari
 13771 | Lair:2   | Reached skill level 5 in Evocations
 14136 | Lair:2   | Noticed Gastronok
 14156 | Lair:2   | Killed Gastronok
 14294 | Lair:2   | Found a runed translucent door.
 14294 | Lair:2   | Noticed Zeihuf's ghost (journeyman TrBe)
 14330 | Lair:2   | Found an ancient bone altar of Kikubaaqudgha.
 14913 | Lair:3   | Noticed an eight-headed hydra
 14920 | Lair:3   | Killed an eight-headed hydra
 14955 | Lair:3   | Noticed a five-headed hydra
 14963 | Lair:3   | Killed a one-headed hydra
 15019 | Lair:3   | Found a transporter.
 15025 | Lair:3   | Found a staircase to the Snake Pit.
 15088 | Lair:3   | Found a transporter.
 15098 | Lair:3   | Reached skill level 10 in Armour
 15169 | Lair:3   | Reached XP level 13. HP: 101/111 MP: 12/12
 15414 | Lair:3   | Found a staircase to the Shoals.
 16170 | Lair:4   | Reached skill level 7 in Fighting
 16874 | Lair:5   | Found a staircase to the Slime Pits.
 16879 | Lair:5   | Identified the amulet of Xodaet {Spirit rPois}
 17720 | Lair:6   | Entered Level 6 of the Lair of Beasts
 17902 | Lair:6   | Reached XP level 14. HP: 120/121 MP: 13/13
 18133 | Lair:6   | Identified the ring of Xil Vale {Will+ MP+9 Int+3}
 18367 | Lair:6   | Reached skill level 8 in Fighting
 18465 | Lair:6   | Reached skill level 9 in Fighting
 18620 | Lair:6   | Reached skill level 10 in Fighting
 18854 | Lair:6   | Reached skill level 11 in Fighting
 18999 | Lair:6   | Found a corrupted altar of Lugonu.
 18999 | Lair:6   | Found a one-way gate to the infinite horrors of the Abyss.
 19209 | Lair:6   | Identified the Volume of Displaced Transmigration
 19624 | Lair:6   | Reached skill level 12 in Fighting
 19937 | Lair:6   | Identified the ring of Wuliarch {rF+ Str+3}
 20306 | D:11     | Noticed Smaepdii's ghost (journeyman GnFi)
 20309 | D:11     | Found a runed translucent door.
 20351 | D:11     | Found a frozen archway.
 20388 | IceCv    | Entered an ice cave
 20493 | IceCv    | Reached skill level 13 in Fighting
 20744 | IceCv    | Noticed a frost giant
 20763 | IceCv    | Killed a frost giant
 20764 | IceCv    | Reached XP level 15. HP: 123/143 MP: 12/14
 20970 | D:11     | Reached skill level 14 in Fighting
 21373 | D:11     | Identified the Collected Works on Heat and Black Magic
 21704 | D:11     | Identified the Reference Book on Toxins and Ice
 21723 | D:11     | Identified Wuepler's Reference Book on Lethal Displacement
 21802 | D:11     | Found a shimmering blue altar of Sif Muna.
 21867 | D:11     | Noticed a deep elf sorcerer
 21867 | D:11     | Identified the Almanac of Creative Ignition
 22690 | D:11     | Identified the Reference Book on Calling
 22963 | D:11     | Killed Smaepdii's ghost
 23114 | D:6      | Killed axecop's ghost
 23422 | Lair:2   | Killed Zeihuf's ghost
 23627 | Orc:1    | Entered Level 1 of the Orcish Mines
 23628 | Orc:1    | Noticed Snorg
 23635 | Orc:1    | Killed Snorg
 24029 | Orc:1    | Found a bloodstained altar of Trog.
 24278 | Orc:2    | Entered Level 2 of the Orcish Mines
 24329 | Orc:2    | Reached skill level 10 in Throwing
 25140 | Orc:2    | Found Onudis's Book Emporium.
 25162 | Orc:2    | Found Xiadatut's Book Shoppe.
 25861 | Orc:2    | Identified the ring of the Tormentor {Fly Int+2}
 25871 | Orc:2    | Reached skill level 15 in Fighting
 26088 | Orc:2    | Found a staircase to the Elven Halls.
 26323 | Orc:2    | Noticed an orc warlord
 26362 | Orc:2    | Killed an orc warlord
 26555 | Orc:2    | Found Appaoch's Assorted Antiques.
 26807 | Orc:2    | Found Foam's Distillery.
 27259 | Orc:2    | Bought a potion of haste for 150 gold pieces
 27259 | Orc:2    | Bought a potion of invisibility for 120 gold pieces
 27259 | Orc:2    | Bought a potion of curing for 45 gold pieces
 27259 | Orc:2    | Bought a potion of curing for 45 gold pieces
 27455 | D:7      | Bought a scroll of enchant weapon for 90 gold pieces
 27455 | D:7      | Bought 2 scrolls of enchant weapon for 180 gold pieces
 27670 | D:12     | Found Teumis's Magic Scroll Emporium.
 27682 | D:12     | Bought a scroll of fear for 52 gold pieces
 27682 | D:12     | Bought a scroll of fear for 52 gold pieces
 27682 | D:12     | Bought a scroll of magic mapping for 52 gold pieces
 27682 | D:12     | Bought a scroll of magic mapping for 52 gold pieces
 27682 | D:12     | Bought a scroll of fog for 30 gold pieces
 27682 | D:12     | Bought a scroll of magic mapping for 52 gold pieces
 27682 | D:12     | Bought a scroll of enchant weapon for 112 gold pieces
 27980 | D:12     | Reached skill level 16 in Fighting
 28764 | D:13     | Reached XP level 16. HP: 146/159 MP: 15/15
 28821 | D:13     | Identified the Tome of Stones and Damage Dealing
 29182 | D:13     | Found a gate to the Vaults.
 29394 | D:14     | Reached skill level 1 in Slings
 29821 | D:14     | Identified the +7 flail of Qazlal's Supremacy {freeze, rN+
                  | Str+2}
 29970 | D:15     | Entered Level 15 of the Dungeon
 30066 | D:15     | Found a staircase to the Depths.
 30213 | D:15     | Reached skill level 5 in Slings
 30702 | D:15     | Learned a level 2 spell: Passwall
 30705 | D:15     | Learned a level 2 spell: Wereblood
 30709 | D:15     | Learned a level 3 spell: Swiftness
 30882 | Orc:2    | Bought a book of Minor Magic for 252 gold pieces
 30889 | Orc:2    | Learned a level 3 spell: Mephitic Cloud
 31083 | Snake:1  | Entered Level 1 of the Snake Pit
 31287 | Snake:1  | Noticed Kirke
 31301 | Snake:1  | Killed Kirke
 31589 | Snake:1  | Found Fiqoric's Book Shoppe.
 32450 | Snake:2  | Reached skill level 10 in Slings
 33182 | Snake:2  | HP: 2/159 [naga warrior (8)]
 34503 | Snake:3  | Reached XP level 17. HP: 166/166 MP: 16/16
 35584 | Snake:3  | Reached skill level 15 in Armour
 36314 | Shoals:1 | Entered Level 1 of the Shoals
 36669 | Shoals:1 | Reached skill level 15 in Shields
 36851 | Shoals:1 | Found Fiz Tir's Jewellery Emporium.
 37690 | Shoals:2 | Noticed Polyphemus
 37715 | Shoals:2 | Killed Polyphemus
 38003 | Shoals:2 | Noticed Ilsuiw
 38025 | Shoals:2 | Killed Ilsuiw
 38354 | Shoals:2 | Noticed Roxanne
 38410 | Shoals:2 | Killed Roxanne
 38949 | Shoals:2 | Noticed a kraken
 39062 | Shoals:2 | Acquired a scarf of resistance
 39189 | Shoals:3 | Upgraded the game from 0.28-a0-245-g639a1a48b9 to
                  | 0.28-a0-247-gb8bfbab023
 40829 | Snake:4  | Entered Level 4 of the Snake Pit
 41030 | Snake:4  | Reached XP level 18. HP: 126/173 MP: 17/17
 41424 | Snake:4  | Found Avuegeta's Jewellery Shoppe.
 41424 | Snake:4  | Found Iriet's Book Boutique.
 41425 | Snake:4  | Found Eggewymu's Jewellery Shoppe.
 41846 | D:7      | Bought a potion of experience for 550 gold pieces
 41848 | D:7      | Reached XP level 19. HP: 181/181 MP: 18/18
 41990 | Elf:1    | Entered Level 1 of the Elven Halls
 42882 | Elf:1    | Paralysed by an air elemental for 1 turns
 43331 | Elf:1    | Identified the +1 ring mail of Voicisup {Int+2}
 43859 | Elf:1    | Found a runed translucent gate.
 43859 | Elf:1    | Found a runed translucent gate.
 43859 | Elf:1    | Found a runed translucent gate.
 43859 | Elf:1    | Found a runed translucent gate.
 43859 | Elf:1    | Found a runed translucent gate.
 43862 | Elf:1    | Found a runed translucent gate.
 44051 | Elf:1    | Found Otuvir's Magic Scroll Emporium.
 44066 | Elf:1    | Bought a scroll of brand weapon for 340 gold pieces
 44076 | Elf:1    | Bought a scroll of acquirement for 884 gold pieces
 44077 | Elf:1    | Acquired the ring "Mekoymn" {Str+6 Int+6}
 44510 | Elf:1    | Found a portal to a secret trove of treasure.
 45058 | Elf:2    | Noticed Jorgrun
 45069 | Elf:2    | Killed Jorgrun
 46019 | Snake:4  | Reached skill level 17 in Fighting
 46021 | Snake:4  | Identified the +1 pair of gloves of Curiosity {+Blink Str+2
                  | Int+2}
 46769 | Snake:4  | Reached skill level 18 in Fighting
 47226 | Snake:4  | Got a serpentine rune of Zot
 47573 | Shoals:4 | Entered Level 4 of the Shoals
 48320 | Vaults:1 | Entered Level 1 of the Vaults
 49037 | Vaults:1 | Reached skill level 19 in Fighting
 49172 | Vaults:1 | Reached XP level 20. HP: 182/191 MP: 19/19
 49958 | Vaults:1 | Reached skill level 20 in Fighting
 50427 | Vaults:1 | Reached skill level 21 in Fighting
 52543 | Vaults:2 | Reached skill level 22 in Fighting
 53418 | Vaults:2 | Noticed Mara
 53431 | Vaults:2 | Noticed dolemite99's illusion
 53434 | Vaults:2 | Killed Mara
 54480 | Vaults:3 | Reached skill level 23 in Fighting
 54486 | Vaults:3 | Reached XP level 21. HP: 181/211 MP: 20/20
 55475 | Vaults:3 | Reached skill level 24 in Fighting
 56431 | Vaults:3 | Found a staircase to the Crypt.
 57122 | Vaults:4 | Noticed Bai Suzhen
 57656 | Vaults:4 | Found Toafom's General Store.
 57661 | Vaults:4 | Bought a scroll of teleportation for 72 gold pieces
 57769 | Vaults:4 | Killed Bai Suzhen
 59302 | Vaults:4 | Learned a level 3 spell: Vampiric Draining
 59546 | Orc:2    | Bought a book of Necromancy for 256 gold pieces
 59549 | Orc:2    | Learned a level 1 spell: Animate Skeleton
 59906 | Shoals:3 | Reached skill level 1 in Necromancy
 59925 | Shoals:4 | Identified the +9 halberd "Lifebane" {vorpal, rElec rF++
                  | rC- rCorr}
 60569 | Shoals:4 | Got a barnacled rune of Zot
 60634 | Shoals:4 | Reached XP level 22. HP: 151/224 MP: 21/21
 61043 | Shoals:4 | Reached skill level 5 in Necromancy
 61969 | Shoals:4 | Found the +3 pair of seven-league boots {Rampage+∞}
 62588 | Depths:1 | Entered Level 1 of the Depths
 63231 | Depths:1 | Found a runed translucent door.
 63231 | Depths:1 | Identified the +10 spear of the Hungering Whale {vorpal,
                  | Int+2}
 63679 | Depths:1 | Found a gateway to Hell.
 63836 | Depths:1 | Reached skill level 1 in Spellcasting
 64247 | Depths:1 | Learned a level 2 spell: Call Imp
 64250 | Depths:1 | Learned a level 2 spell: Poisonous Vapours
 65763 | Depths:2 | Reached skill level 1 in Earth Magic
 65778 | Depths:2 | Identified the amulet of Fatigue {Regen+ Int+2 Dex+4 SInv}
 66251 | Snake:4  | Bought the ring "Xeizaq" {Drain rF+ rCorr AC+4} for 850
                  | gold pieces
 67396 | Elf:2    | Found a runed translucent gate.
 67396 | Elf:2    | Found a runed translucent gate.
 67407 | Elf:2    | Found a runed translucent gate.
 67466 | Elf:2    | Paralysed by an air elemental for 1 turns
 68206 | Elf:2    | Reached skill level 5 in Earth Magic
 69547 | Elf:2    | Reached XP level 23. HP: 232/232 MP: 25/25
 69855 | Elf:3    | Entered Level 3 of the Elven Halls
 70225 | Elf:3    | Identified the +1 scale mail "Watukud" {Stlth+}
 70235 | Elf:3    | Reached skill level 1 in Transmutations
 71295 | Elf:3    | Reached skill level 5 in Transmutations
 71900 | Elf:3    | Identified the +2 cloak "Fuezier" {rPois rF+ rCorr Int-4}
 71903 | Elf:3    | Identified Navaus's Incunabulum of the Bewitching Mountains
 73134 | Elf:3    | Paralysed by an air elemental for 1 turns
 73151 | Elf:3    | Found Vonuruyg's Weapon Boutique.
 73164 | Elf:3    | Reached skill level 1 in Poison Magic
 73349 | Elf:3    | Identified Lehudib's Handbook of Attacks and Air
 73423 | Elf:3    | Identified the +5 ring mail "Kony" {rCorr Int+7 Dex+2
                  | Slay-3}
 73423 | Elf:3    | Identified the +9 morningstar of Zoxecwual {vamp, rF+ Str+4
                  | Stlth+}
 73425 | Elf:3    | Paralysed by an air elemental for 1 turns
 73428 | Elf:3    | Paralysed by an air elemental for 1 turns
 75057 | Depths:2 | Reached skill level 1 in Air Magic
 75406 | Depths:2 | Identified the Catalogue of Earthen Moulding
 75407 | Depths:2 | Identified the +3 cloak of Resourcefulness {rC- Will+
                  | Regen+}
 75450 | Depths:2 | Noticed a caustic shrike
 75466 | Depths:2 | Killed a caustic shrike
 75541 | Depths:2 | Identified the +0 helmet of the Thunderstorm {Str-2 Int+4
                  | SInv}
 75600 | Depths:2 | Identified the +2 robe of Elyvilon's Displeasure {Contam
                  | rElec Int-3 Dex+8}
 76150 | Depths:2 | Reached skill level 25 in Fighting
 77361 | Depths:3 | Found Laobruin's Weapon Shop.
 77629 | Depths:3 | Reached XP level 24. HP: 245/245 MP: 25/25
 77695 | Depths:3 | Reached skill level 26 in Fighting
 78018 | Depths:3 | Found the +8 lance "Wyrmbane" {slay drac, rPois rF+ rC+
                  | AC+3}
 78081 | Depths:3 | Reached skill level 1 in Polearms
 78256 | Depths:3 | Found a one-way gate leading to the halls of Pandemonium.
 79067 | Depths:3 | Found an ancient bone altar of Kikubaaqudgha.
 80353 | Depths:4 | Found a runed translucent gate.
 80353 | Depths:4 | Found a runed translucent gate.
 80353 | Depths:4 | Found a runed translucent gate.
 80353 | Depths:4 | Noticed Huxu's ghost (adept NaFi)
 80377 | Depths:4 | Reached skill level 15 in Dodging
 80394 | Depths:4 | Found a basalt altar of Yredelemnul.
 81555 | Depths:4 | Identified the +8 quarterstaff "Boheadawn" {venom, Will+++
                  | Str+5 Int-2}
 81555 | Depths:4 | Identified the ring "Utenti" {+Blink Fly rCorr}
 81705 | Depths:5 | Entered Level 5 of the Depths
 83075 | Depths:5 | Reached skill level 10 in Evocations
 83075 | Depths:5 | Reached XP level 25. HP: 235/253 MP: 25/25
 83128 | Depths:5 | Found Aracycia's Jewellery Shop.
 83130 | Depths:5 | Found Dayw's Antique Weapon Boutique.
 83132 | Depths:5 | Found Dareag's Magic Scroll Shop.
 83140 | Depths:5 | Bought a scroll of enchant armour for 165 gold pieces
 83140 | Depths:5 | Bought a scroll of enchant armour for 165 gold pieces
 83140 | Depths:5 | Bought a scroll of enchant weapon for 165 gold pieces
 83140 | Depths:5 | Bought a scroll of magic mapping for 77 gold pieces
 83140 | Depths:5 | Bought a scroll of teleportation for 66 gold pieces
 83197 | Depths:5 | Found a runed translucent door.
 83198 | Depths:5 | Noticed Kunuk's ghost (veteran MiFi)
 83438 | Depths:5 | Found a gate to the Realm of Zot.
 83691 | Depths:5 | Found a stormy altar of Qazlal.
 84301 | D:7      | Bought a potion of might for 44 gold pieces
 84301 | D:7      | Bought a potion of haste for 110 gold pieces
 84301 | D:7      | Bought a potion of berserk rage for 55 gold pieces
 84301 | D:7      | Bought a potion of attraction for 33 gold pieces
 84301 | D:7      | Bought 2 potions of mutation for 176 gold pieces
 85141 | Orc:2    | Bought a potion of attraction for 45 gold pieces
 85141 | Orc:2    | Bought a potion of attraction for 45 gold pieces
 85141 | Orc:2    | Bought a potion of flight for 45 gold pieces
 85141 | Orc:2    | Bought a potion of mutation for 120 gold pieces
 85141 | Orc:2    | Bought a potion of mutation for 120 gold pieces
 85495 | Lair:6   | Voluntarily entered the Abyss.
 85574 | Abyss:3  | Found a corrupted altar of Lugonu.
 85612 | Abyss:3  | Gained mutation: Your magical capacity is low. (-10% MP) [a
                  | neqoxec]
 85624 | Abyss:3  | Gained mutation: You are frail. (-10% HP) [a neqoxec]
 85728 | Abyss:4  | Found a corrupted altar of Lugonu.
 85840 | Abyss:4  | Found a corrupted altar of Lugonu.
 85973 | Lair:6   | Escaped the Abyss
 86185 | Lair:6   | Voluntarily entered the Abyss.
 86274 | Abyss:4  | Found a corrupted altar of Lugonu.
 86492 | Abyss:4  | Gained mutation: Your body sometimes deteriorates upon
                  | taking damage. [a neqoxec]
 86538 | Abyss:4  | Gained mutation: Potions are less effective at restoring
                  | your health. [a neqoxec]
 86654 | Lair:6   | Escaped the Abyss
 86845 | Lair:6   | Voluntarily entered the Abyss.
 87020 | Abyss:2  | Found a corrupted altar of Lugonu.
 87139 | Abyss:3  | Found a corrupted altar of Lugonu.
 87229 | Abyss:3  | Paralysed by an air elemental for 1 turns
 87259 | Abyss:3  | Paralysed by an air elemental for 1 turns
 87347 | Abyss:3  | Found a corrupted altar of Lugonu.
 87379 | Lair:6   | Escaped the Abyss
 87823 | Lair:6   | Lost mutation: Your magical capacity is low. (-10% MP)
                  | [potion of mutation]
 87823 | Lair:6   | Lost mutation: You are frail. (-10% HP) [potion of
                  | mutation]
 87823 | Lair:6   | Lost mutation: Your body sometimes deteriorates upon taking
                  | damage. [potion of mutation]
 87823 | Lair:6   | Gained mutation: Your system is resistant to poisons.
                  | (rPois) [potion of mutation]
 87823 | Lair:6   | Gained mutation: You have a pair of large horns on your
                  | head. [potion of mutation]
 87823 | Lair:6   | Gained mutation: You are partially covered in large bone
                  | plates. (SH +4) [potion of mutation]
 87827 | Lair:6   | Voluntarily entered the Abyss.
 87873 | Abyss:2  | Found a corrupted altar of Lugonu.
 88219 | Lair:6   | Escaped the Abyss
 88680 | Snake:4  | Bought a book of Death for 528 gold pieces
 88686 | Snake:4  | Learned a level 4 spell: Animate Dead
 89161 | Vaults:5 | Entered Level 5 of the Vaults
 89623 | Vaults:5 | Noticed Jory
 89644 | Vaults:5 | Killed Jory
 89796 | Vaults:5 | Identified the +0 buckler of Oskauz {rC+ Str+4}
 90295 | Vaults:5 | Reached XP level 26. HP: 169/264 MP: 22/25
 90476 | Vaults:5 | Noticed Frederick
 90488 | Vaults:5 | Killed Frederick
 90500 | Vaults:5 | Reached skill level 27 in Fighting
 91202 | Vaults:5 | Got a silver rune of Zot
 91505 | Vaults:5 | Reached skill level 5 in Spellcasting
 91838 | Vaults:5 | Reached skill level 5 in Air Magic
 94273 | Crypt:1  | Entered Level 1 of the Crypt
 97288 | Crypt:2  | Upgraded the game from 0.28-a0-247-gb8bfbab023 to
                  | 0.28-a0-258-g8de209e91f
 97841 | Crypt:2  | Noticed Boris
 97861 | Crypt:2  | Reached XP level 27. HP: 59/259 MP: 18/29
 97865 | Crypt:2  | Killed Boris
 98856 | Crypt:3  | Entered Level 3 of the Crypt
 99331 | Crypt:3  | Found a staircase to the Tomb.
100306 | Crypt:3  | Noticed a dread lich
100317 | Crypt:3  | Killed a dread lich
102295 | Crypt:3  | Found a basalt altar of Yredelemnul.
102329 | Crypt:3  | Found an ancient bone altar of Kikubaaqudgha.
102492 | Crypt:3  | Identified the +8 flail "Heogooc" {flame, Fragile rF+++
                  | rCorr Int+4}
102492 | Crypt:3  | Identified the +1 plate armour "Nyonet" {rC+ MP+9}
102893 | Zot:1    | Entered Level 1 of the Realm of Zot
103603 | Zot:1    | Identified the +6 whip of Nightmares {vorpal, Dex+2}
106080 | Depths:4 | Killed Huxu's ghost
106355 | Depths:4 | Found a transporter.
106356 | Depths:4 | Identified the amulet of Xiptuo {Faith rC+}
106877 | Slime:1  | Entered Level 1 of the Pits of Slime
107258 | Orc:2    | Bought a book of Cantrips for 256 gold pieces
107261 | Orc:2    | Learned a level 1 spell: Apportation
107561 | Snake:4  | Bought a manual of Translocations for 960 gold pieces
108754 | Slime:1  | Reached skill level 1 in Translocations
108898 | Slime:2  | Gained mutation: You do not regenerate when monsters are
                  | visible. [a shining eye]
109707 | Slime:3  | Reached skill level 5 in Translocations
109711 | Slime:3  | Gained mutation: You are clumsy. (Dex -2) [a shining eye]
109858 | Slime:2  | Gained mutation: Your body sometimes deteriorates upon
                  | taking damage. [a shining eye]
110038 | Slime:3  | Gained mutation: You are dopey. (Int -2) [a shining eye]
110041 | Slime:3  | Gained mutation: You sometimes lose the ability to read
                  | scrolls when taking damage. [a shining eye]
110243 | Slime:3  | Lost mutation: You sometimes lose the ability to read
                  | scrolls when taking damage. [potion of mutation]
110243 | Slime:3  | Lost mutation: Your system is resistant to poisons. (rPois)
                  | [potion of mutation]
110243 | Slime:3  | Lost mutation: Your body sometimes deteriorates upon taking
                  | damage. [potion of mutation]
110243 | Slime:3  | Gained mutation: You are partially covered in iridescent
                  | scales. (AC +2) [potion of mutation]
110243 | Slime:3  | Gained mutation: You have hidden genetic potential. [potion
                  | of mutation]
110243 | Slime:3  | Gained mutation: Your muscles are strong. (Str +2) [potion
                  | of mutation]
110267 | Slime:5  | Entered Level 5 of the Pits of Slime
110863 | Slime:5  | Lost mutation: Your muscles are strong. (Str +2) [a shining
                  | eye]
110874 | Slime:5  | Gained mutation: You are frail. (-10% HP) [a shining eye]
110875 | Slime:5  | Gained mutation: You are very frail. (-20% HP) [a shining
                  | eye]
110882 | Slime:5  | Identified the +5 longbow "Jusio" {venom, Int+3}
110884 | Slime:5  | Found a viscous altar of Jiyva.
110884 | Slime:5  | Identified the Handbook of the Sinister Rocks
110885 | Slime:5  | Noticed the Royal Jelly
110885 | Slime:5  | Identified the ring "Soufacyb" {rC+ rCorr}
110886 | Slime:5  | Identified the +12 falchion of an ice cave {venom, rN++
                  | rCorr Str-3 Int+4}
112051 | Slime:5  | Killed the Royal Jelly
112592 | Slime:5  | Identified the +11 shortbow of the Moon {flame, rElec rCorr
                  | Dex+6}
112636 | Slime:5  | Got a slimy rune of Zot
112650 | Slime:5  | Identified a ring of Niras {Will+ rCorr}
113029 | Lair:6   | Voluntarily entered the Abyss.
113034 | Abyss:1  | Found a corrupted altar of Lugonu.
113034 | Abyss:1  | Identified the Volume of the Mantidfly
113158 | Abyss:1  | Learned a level 4 spell: Passage of Golubria
113694 | Abyss:1  | Paralysed by accursed screaming for 2 turns
113702 | Abyss:1  | Paralysed by accursed screaming for 2 turns
113837 | Abyss:2  | Found a corrupted altar of Lugonu.
113915 | Abyss:2  | Found a corrupted altar of Lugonu.
113976 | Abyss:3  | Identified the +1 scythe of the Spectre {pain, rF++ Will+}
114046 | Lair:6   | Escaped the Abyss
114485 | Lair:6   | Voluntarily entered the Abyss.
114504 | Abyss:1  | Noticed a dread lich
114522 | Abyss:1  | Killed a dread lich
114525 | Abyss:1  | Gained mutation: Your flesh is heat resistant. (rF+)
                  | [hidden potential]
114649 | Lair:6   | Escaped the Abyss
114928 | Lair:6   | Voluntarily entered the Abyss.
115855 | Abyss:3  | Reached skill level 10 in Translocations
116007 | Lair:6   | Escaped the Abyss
116238 | Lair:6   | Voluntarily entered the Abyss.
116238 | Abyss:1  | Found a corrupted altar of Lugonu.
116327 | Abyss:2  | Lost mutation: You are dopey. (Int -2) [a neqoxec]
116367 | Abyss:2  | Gained mutation: You occasionally shout uncontrollably at
                  | your foes. [a shining eye]
116369 | Abyss:2  | Gained mutation: You are very clumsy. (Dex -4) [a shining
                  | eye]
117418 | Abyss:3  | Found a corrupted altar of Lugonu.
117791 | Abyss:3  | Gained mutation: You are mostly covered in iridescent
                  | scales. (AC +4) [a neqoxec]
117837 | Abyss:3  | Paralysed by an apocalypse crab for 2 turns
118731 | Abyss:3  | Got an abyssal rune of Zot
118769 | Abyss:3  | Paralysed by accursed screaming for 2 turns
118874 | Lair:6   | Escaped the Abyss
124398 | Zot:4    | Acquired 795 gold pieces
124595 | Zot:4    | Lost mutation: You are partially covered in large bone
                  | plates. (SH +4) [potion of mutation]
124595 | Zot:4    | Lost mutation: You are very frail. (-20% HP) [potion of
                  | mutation]
124595 | Zot:4    | Lost mutation: You are mostly covered in iridescent scales.
                  | (AC +4) [potion of mutation]
124595 | Zot:4    | Gained mutation: You possess an exceptional clarity of
                  | mind. [potion of mutation]
124745 | Zot:5    | Entered Level 5 of the Realm of Zot
125796 | Zot:5    | Noticed an orb of fire
126516 | Zot:5    | Found a runed translucent gate.
126617 | Zot:5    | Found a runed translucent gate.
126619 | Zot:5    | Found a runed translucent gate.
126619 | Zot:5    | Found an opulent altar of Gozag.
126621 | Zot:5    | Noticed Atlas's ghost (legendary DgIE)
126787 | Zot:5    | Noticed an ancient lich
126808 | Zot:5    | Killed an ancient lich
127350 | Zot:5    | Noticed a dread lich
127380 | Zot:5    | Killed a dread lich
127390 | Zot:5    | Killed an orb of fire
127727 | Zot:5    | Noticed an orb of fire
127747 | Zot:5    | Gained mutation: Armour fits poorly on your strangely
                  | shaped body. [an orb of fire]
127749 | Zot:5    | HP: 11/245 [??? (8)]
127753 | Zot:5    | HP: 5/245 [??? (3)]
127753 | Zot:5    | Killed from afar by a deathcap

Illustrated notes

Levels and vault maps discovered:
D:1:      lightli_arrival_quake, layout_loops_ring
D:2:      layout_rooms, basic_ecumenical_altar, kennysheep_generic_room_11
D:3:      layout_basic, serial_curves, eino_curves_03, eino_curves_04,
          grunt_decor_cap, serial_bayou_lagoon_a, minivault_5, uniq_robin,
          uniq_natasha, uniq_sigmund
D:4:      kb_forest_paths, layout_basic, hangedman_abyss_or_decor_lesser_grid,
          uniq_eustachio, uniq_grinder
D:5:      layout_basic
D:6:      layout_basic, ebering_ghost_sewer_d, minmay_misc_feat_enclosed,
          minmay_door_square, grunt_ministairs_6, sword_in_stone
D:7:      layout_gridville, grunt_temple_overflow_open,
          minmay_temple_entry_mist, serial_bayou, serial_bayou_lake_a,
          serial_bayou_shore_a, serial_bayou_ford_a, serial_bayou_pond_c,
          serial_shops, nicolae_take_the_stairs, shop_statue,
          nicolae_shop_behind_doors, nicolae_stop_n_shop_2, chequers_big_river
D:8:      layout_loops_ring, enter_bailey_8, bh_walls_and_bars, uniq_grum,
          uniq_maurice
D:9:      layout_basic, nicolae_overflow_crystal_walls,
          hellmonk_guarded_unrand_cigotuvi
D:10:     layout_long_grid, gammafunk_temple_overflow_pools, erik_lair_dragon,
          orc_0_dummy, kennysheep_nondescript
D:11:     evilmike_library_of_no_secrets, layout_small_grid,
          portal_ice_cave_entry_pillars_1, hellmonk_ghost_happy_afterlife
D:12:     layout_roguey [special_room_orc], serial_shops, shop_fountains
D:13:     layout_roguey, ximxim_vaults_locker_room
D:14:     layout_gridville
D:15:     grunt_enter_depths_giant_problem, layout_irregular_city
Temple:   chequers_temple_sunken
Lair:1:   layout_regular_city
Lair:2:   layout_layer_cave, gammafunk_ghost_grave, lemuel_centaur_altar,
          uniq_gastronok
Lair:3:   gammafunk_worm_tunnel, layout_small_grid,
          minmay_shoals_entry_centaurs, minmay_snake_entry_guardpost_medium,
          beast_lair_carwin_9
Lair:4:   layout_misc_corridors, lemuel_fruit_tree
Lair:5:   layout_gridlike, nicolae_slime_entry_slimehenge, serial_bayou_shore_b
Lair:6:   hellmonk_lair_end_abyssal_woods, layout_regular_city, serial_bayou,
          serial_bayou_pond_e, serial_bayou_shore_b, serial_bayou_pond_e,
          serial_bayou_crossing, minmay_lair_oklob_items, minmay_lindwurm_lava
Shoals:1: layout_shoals, serial_shops, shop
Shoals:2: layout_shoals, uniq_polyphemus, uniq_roxanne, uniq_ilsuiw
Shoals:3: layout_shoals
Shoals:4: shoals_end_grunt_ice, layout_shoals, shoal_ilsuiw,
          nicolae_shoals_lost_giant_hut
Snake:1:  layout_grid_maze, serial_shops, nicolae_shop_waterfront,
          grunt_ministairs_2, nicolae_snake_snakes_in_the_grass, uniq_kirke
Snake:2:  layout_basic
Snake:3:  layout_chambers, grunt_ministairs_14, grunt_megastairs_4,
          serial_bayou_shore_b, serial_bayou_shore_b
Snake:4:  grunt_snake_rune_serpentine_throne, layout_rooms, minmay_shop_grove,
          serial_bayou_shore_b, serial_bayou_shore_b
Slime:1:  cheibrodos_slime_lost_civilization_3, layout_caves
Slime:2:  layout_caves
Slime:3:  layout_caves, cheibrodos_slime_lost_civilization_4
Slime:4:  cheibrodos_slime_lost_civilization_1, layout_caves
Slime:5
Orc:1:    layout_caves, trog_butcher_becter, uniq_snorg
Orc:2:    pubby_orc_utopia
Elf:1:    nicolae_elf_arrival_no_cutting_in_line, layout_geoelf_diagonals,
          enter_trove_2, serial_shops, shop_fountains, orc_legates
Elf:2:    elven_hall_of_blades_hangedman_original
          [nicolae_blade_entry_pointy_end], layout_onion_city, uniq_jorgrun
Elf:3:    grunt_elf_hall_branching, layout_onion_city, serial_shops,
          nicolae_shop_crystal, guppyfry_elf_castle
Vaults:1: nicolae_vaults_bisected_exclaves, ontoclasm_vaults_twist,
          serial_ice_b, vaults_room_door_ring, vaults_dpeg_diagonal,
          grunt_vaults_hallway_short, nicolae_vaults_mini_display_case,
          vaults_mumra_hex, vaults_mumra_hexcomb, v_pattern_3,
          layout_vaults_omnigrid
Vaults:2: hangedman_vaults_pinch, nicolae_vaults_circle_grid_b,
          nicolae_vaults_ninety_degrees, grunt_vaults_diagonal,
          ontoclasm_vaults_fault, vaults_room_grunt_arrival_ludios,
          vaults_standard_mumra_x, layout_vaults_chaotic_city, uniq_mara
Vaults:3: vaults_dpeg_ring, minmay_crypt_entry_simple_corners,
          hangedman_vaults_unwind, hangedman_vaults_capsules,
          nicolae_vaults_network_star, nicolae_vaults_network_s,
          nicolae_vaults_network_quincunx
          [nicolae_vaults_network_quincunx_subvault,
          nicolae_vaults_network_quincunx_subvault,
          nicolae_vaults_network_quincunx_subvault,
          nicolae_vaults_network_quincunx_subvault,
          nicolae_vaults_network_quincunx_subvault], dpeg_vaults_waves,
          hangedman_vaults_stitches, nicolae_vaults_little_squares_6,
          nicolae_vaults_asterisk, ontoclasm_vaults_misaligned,
          nicolae_vaults_little_squares_5, layout_vaults_maze
Vaults:4: nicolae_vaults_shelves_hall, hangedman_vaults_variations,
          ontoclasm_vaults_ring_square, v_misc_12, hangedman_vaults_stream,
          hangedman_vaults_nails, grunt_vaults_funnel, v_misc_27,
          nicolae_vaults_big_angled_halls, layout_vaults_omnibox, serial_shops,
          shop, uniq_bai_suzhen
Vaults:5: uniq_jory, uniq_frederick
Crypt:1:  layout_regular_city, serial_sigils_hangedman_gnaw, weyrava_ghost_lake
Crypt:2:  layout_catacombs, st_stairs_6, grunt_ministairs_13,
          columned_hall_lemuel, uniq_boris
Crypt:3:  lightli_unholy_cathedral, layout_chaotic_city,
          tomb_entry_sphere_bobbens
Depths:1: layout_cave_shapes, grunt_hell_entry_dis_mu, hangedman_glass_teeth,
          serial_bayou_pond_c, minivault_22, minmay_misc_feat_ornament,
          kennysheep_treasure_room, grunt_megastairs_1
Depths:2: minmay_heptahexagon, layout_basic, hellmouth_1,
          serial_sigils_hangedman_etch, minmay_staircase_statues
Depths:3: grunt_arcs, layout_honeycomb, rand_demon_pan_entry_4,
          kiku_gazebo_garden_becter, serial_shops, kennysheep_little_box,
          abyss_entry, hell_entry, nrook_mini_vaults
Depths:4: gammafunk_its_a_trap, layout_gridlike, enter_ziggurat_a,
          rand_demon_pan_entry_3, infiniplex_staircase_spiral_double,
          hell_entry, abyss_entry, nicolae_yredelemnul_ghost_church
Depths:5: evilmike_zot_entry_hall, layout_cave_pools, gammafunk_ghost_grave,
          hell_entry, nicolae_qazlal_eye_of_the_storm, minmay_shop_star
Zot:1:    layout_gridville
Zot:2:    kennysheep_spiral_hall, layout_cathedral_of_symmetry
Zot:3:    layout_misc_corridors
Zot:4:    layout_gridville, hangedman_zot_decor_scrapings, grunt_ministairs_6
Zot:5:    layout_gridlike, ebering_ghost_gozag

Skill      XL: |  1  2  3  4  5  6  7  8  9 10 11 12 13 14 15 16 17 18 19 20 21 22 23 24 25 26 27 |
---------------+----------------------------------------------------------------------------------+-----
Axes           | 3 4 5 6 15 16 17 | 17.9
Shields        | 4 5 6 12 13 14 16 17 18 19 23 | 23.2
Throwing       | 3 4 5 6 10 | 10.0
Fighting       | 4 6 7 13 16 19 23 24 25 26 27 | 27.0
Armour         | 4 6 10 12 14 17 19 20 22 | 22.9
Evocations     | 4 5 7 10 13 | 13.7
Dodging        | 9 11 16 24 | 24.3
Slings         | 10 | 10.6
Necromancy     | 4 7 9 |  9.4
Spellcasting   | 2 5 7 |  7.0
Earth Magic    | 6 7 |  7.3
Transmutations | 7 |  7.2
Poison Magic   | 1 |  1.9
Air Magic      | 3 9 |  9.8
Polearms       | 3 |  3.0
Translocations | 11 | 11.1
Bows           | |  0.6

Action                   |  1- 3 |  4- 6 |  7- 9 | 10-12 | 13-15 | 16-18 | 19-21 | 22-24 | 25-27 || total
-------------------------+-------+-------+-------+-------+-------+-------+-------+-------+-------++-------
Melee: War axe           |    68 |    74 |    38 |   526 |  1032 |       |       |       |       ||  1738
       Headbutt          |     5 |     8 |     2 |   126 |   328 |   110 |   157 |   378 |  1070 ||  2184
       Broad axe         |       |       |       |       |   114 |   435 |   493 |   916 |  3148 ||  5106
       Fustibalus        |       |       |       |       |       |       |       |     1 |       ||     1
       Lance             |       |       |       |       |       |       |       |   338 |   157 ||   495
 Fire: Fustibalus        |       |       |       |       |       |   609 |  1418 |   599 |   447 ||  3073
       Hunting sling     |       |       |       |       |       |       |       |       |    47 ||    47
Throw: Dart              |    48 |    58 |    17 |   238 |    75 |     1 |       |       |       ||   437
       Stone             |       |     7 |       |       |    29 |    47 |    22 |    70 |       ||   175
       Boomerang         |       |       |       |       |   332 |       |       |       |       ||   332
       Javelin           |       |       |       |       |       |       |       |       |   274 ||   274
 Cast: Animate Skeleton  |       |       |       |       |       |       |     1 |    90 |    12 ||   103
       Poisonous Vapours |       |       |       |       |       |       |       |    37 |       ||    37
       Passwall          |       |       |       |       |       |       |       |     4 |     4 ||     8
       Wereblood         |       |       |       |       |       |       |       |     4 |       ||     4
       Swiftness         |       |       |       |       |       |       |       |     1 |     1 ||     2
       Animate Dead      |       |       |       |       |       |       |       |       |    52 ||    52
       Vampiric Draining |       |       |       |       |       |       |       |       |   123 ||   123
       Apportation       |       |       |       |       |       |       |       |       |    31 ||    31
       Passage of Golubr |       |       |       |       |       |       |       |       |     1 ||     1
Invok: Curse Item        |     1 |     1 |     1 |     5 |     2 |     2 |     1 |     2 |     2 ||    17
       Shatter the Chain |       |       |       |     1 |     3 |     1 |     1 |     1 |     2 ||     9
 Abil: Evoke Blink       |       |       |       |       |       |       |       |    13 |    55 ||    68
Evoke: Wand              |       |       |       |    52 |    26 |    13 |    44 |    49 |    34 ||   218
       Condenser vane    |       |       |       |       |     1 |     6 |    10 |    12 |    20 ||    49
       Lightning rod     |       |       |       |       |       |       |    12 |    44 |    36 ||    92
       Phial of floods   |       |       |       |       |       |       |       |     4 |     7 ||    11
       Box of beasts     |       |       |       |       |       |       |       |     4 |     5 ||     9
       Tin of tremorston |       |       |       |       |       |       |       |     5 |    19 ||    24
       Phantom mirror    |       |       |       |       |       |       |       |     3 |     6 ||     9
  Use: Scroll            |       |     1 |       |     8 |    15 |    11 |     9 |    19 |    38 ||   101
       Potion            |       |     2 |     2 |     2 |     2 |    18 |     7 |    11 |    31 ||    75
 Stab: Invisible         |       |     1 |       |     1 |     2 |       |       |     6 |       ||    10
       Paralysed         |       |       |       |       |     1 |     2 |       |     1 |     7 ||    11
       Fleeing           |       |       |       |       |       |     3 |       |       |       ||     3
       Distracted        |       |       |       |       |       |     1 |       |     2 |     4 ||     7
       Petrified         |       |       |       |       |       |     6 |       |       |       ||     6
       Petrifying        |       |       |       |       |       |     1 |       |       |       ||     1
Armor: Scale mail        |    43 |    23 |       |       |       |       |       |       |       ||    66
       Chain mail        |       |     5 |    10 |   207 |   278 |       |       |       |       ||   500
       Plate armour      |       |       |       |       |    42 |   328 |   345 |   502 |   356 ||  1573
       Gold dragon scale |       |       |       |       |       |       |       |       |   949 ||   949
Dodge: Dodged            |    28 |    19 |     6 |   178 |   300 |   217 |   303 |   425 |  1007 ||  2483
Block: Kite shield       |    42 |    31 |    20 |   254 |       |       |       |       |       ||   347
       Tower shield      |       |       |       |    55 |   946 |   734 |   922 |  1236 |  3950 ||  7843

Table legend: (Time is in decaauts)
 A = Elapsed time spent in this place.
 B = Non-inter-level travel time spent in this place.
 C = Inter-level travel time spent in this place.
 D = Time resting spent in this place.
 E = Time spent auto-exploring this place.
 F = Levels seen in this place.
 G = Mean time per level.
                   A        B        C        D        E       F      G
               +--------+--------+--------+--------+--------+-----+--------+
         Total | 126410 | 109877 |  16533 |  35551 |  45613 |  82 | 1541.6 |
       Dungeon |  22606 |  17162 |   5444 |   3183 |   9930 |  15 | 1507.1 |
        Temple |    264 |    235 |     29 |      0 |    229 |   1 |  264.0 |
          Lair |  13180 |   9862 |   3318 |   3211 |   4784 |   6 | 2196.7 |
        Shoals |   8149 |   7215 |    934 |   2066 |   3385 |   4 | 2037.2 |
     Snake Pit |   8732 |   7036 |   1696 |   2476 |   2931 |   4 | 2183.0 |
    Slime Pits |   3766 |   3662 |    104 |   2529 |    145 |   5 |  753.2 |
  Orcish Mines |   5052 |   4003 |   1049 |   1039 |   1897 |   2 | 2526.0 |
   Elven Halls |  10432 |   9643 |    789 |   3905 |   3723 |   3 | 3477.3 |
        Vaults |  16072 |  14941 |   1131 |   5144 |   6053 |   5 | 3214.4 |
         Crypt |   7133 |   6847 |    286 |   2498 |   2782 |   3 | 2377.7 |
        Depths |  12908 |  11600 |   1308 |   2779 |   5667 |   5 | 2581.6 |
           Zot |  11175 |  10735 |    440 |   6050 |   2788 |   5 | 2235.0 |
         Abyss |   6393 |   6393 |      0 |    651 |   1042 |  23 |  278.0 |
      Ice Cave |    540 |    540 |      0 |     17 |    252 |   1 |  540.0 |
               +--------+--------+--------+--------+--------+-----+--------+

Top non-repeatable levels by time:
  Lair:6: 4779 daAuts
Vaults:5: 4199 daAuts
   Elf:1: 4169 daAuts
   Orc:2: 4157 daAuts
 Crypt:3: 3665 daAuts
   Elf:2: 3491 daAuts
    D:10: 3248 daAuts
Vaults:2: 3231 daAuts
Depths:2: 3091 daAuts
Vaults:4: 3004 daAuts
Vaults:3: 2914 daAuts
     D:7: 2783 daAuts
Depths:1: 2777 daAuts
   Elf:3: 2771 daAuts
   Zot:1: 2755 daAuts
